Map: Dusk Towers

Players

Miszu

  • Race: Terran Terran
  • League: Grandmaster

llllllllllll - Winner!

  • Race: Protoss Protoss
  • League: Master

VOD

Have the link to the VOD?

Description

Time

  • Played on: Feb. 8, 2016, 9:28 a.m.
  • Length: 2:16
Show
View Real Time Build Order
Export as new Build Order

Miszu Terran 

Build Orders:  

Get SALT Encoding   

  12  0:01  SCV  
  13  0:13  SCV  
  14  0:17  Supply Depot  
  14  0:25  SCV  
  15  0:39  SCV  
  15  0:40  Barracks  
  16  0:43  Refinery  
  16  0:51  SCV  
  17  1:03  SCV  
  18  1:15  SCV  
  19  1:27  Marine, Orbital Command  
  19  1:30  Bunker  
  20  1:45  Marine  
  21  1:53  SCV  
  22  1:55  Factory  
Show
View Real Time Build Order
Export as new Build Order

llllllllllll Protoss - Winner!

Build Orders: Cannon Rush 

Get SALT Encoding   

  12  0:01  Probe (Chrono Boost)  
  13  0:11  Probe (Chrono Boost)  
  14  0:19  Pylon  
  14  0:22  Probe (Chrono Boost)  
  15  0:38  Probe (Chrono Boost)  
  15  0:40  Assimilator  
  16  0:44  Forge  
  16  0:48  Probe (Chrono Boost)  
  17  1:07  Pylon  
  17  1:26  Gateway, Photon Cannon  
  17  1:32  Photon Cannon  
  17  1:35  Pylon  
  16  1:50  Photon Cannon  
  16  2:01  Photon Cannon  
  16  2:02  Pylon  
  16  2:07  Photon Cannon  
Tags
 
Add a new tag
Caveats
  • Supply blocks, unpowered buildings, or Contaminate may cause inaccurate times.
  • Supply counts are checked every 10 seconds.